 Dungeon Crawl Stone Soup version 0.30-b1-5-g8e6c1be481 (webtiles) character file.

Game seed: 11342030510146974429

3343 monsoonserge the Basher (level 9, -4/112 HPs)
             Began as a Red Draconian Reaver on May 5, 2023.
             Was a Believer of Vehumet.
             Slain by a vampire
             ... wielding a +1 vampiric halberd
              (18 damage)
             ... in a bailey.
             The game lasted 00:37:48 (6965 turns).

monsoonserge the Basher (Red Draconian Reaver)      Turns: 6965, Time: 00:37:49

Health: -4/112     AC: 24    Str: 16    XL:     9   Next: 72%
Magic:  21/22      EV:  2    Int: 17    God:    Vehumet [**....]
Gold:   374        SH:  0    Dex: 17    Spells: 11/14 levels left

rFire   . . .        u - +4 mace of Okawaru's Envy {flame, Fly Dex+8 Stlth-}
rCold   . . .        (no shield)
rNeg    . . .        (body armour unavailable)
rPois   +            (helmet currently unavailable)
rElec   .            b - melded +0 cloak
rCorr   .            d - melded +0 pair of gloves
SInv    .            (boots currently unavailable)
Will    .....        (no amulet)
Stlth   +            f - ring of magical power
HPRegen 0.38/turn    l - ring of poison resistance
MPRegen 0.18/turn

%: no passive effects
@: mighty, tree-form, immotile
A: stationary, stasis, torment immunity, boosted hp, (breathe fire), AC +7,
unfitting armour, (fire resistance 1), (cold-blooded)
a: Renounce Religion


You were in a bailey.
You worshipped Vehumet.
Vehumet was pleased with you.
You were a tree.
You visited 2 branches of the dungeon, and saw 8 of its levels.
You also visited: Bailey.

You collected 374 gold pieces.

Inventory:

Hand Weapons
 a - a +0 mace
 i - a +0 longbow
 p - a +2 falchion of holy wrath
 u - the +4 mace of Okawaru's Envy (weapon) {flame, Fly Dex+8 Stlth-}
   (You took it off an orc wizard on level 3 of the Dungeon)

   Dex:       It affects your dexterity (+8).
   Fly:       It grants you flight.
   Stlth:     It makes you less stealthy.
Missiles
 k - 54 stones
 v - 22 poisoned darts (quivered)
 z - a throwing net
 A - a boomerang
Armour
 b - a +0 cloak (melded)
 d - a +0 pair of gloves (melded)
Magical Staves
 e - a staff of conjuration
 D - the staff of death "Sonock" {rN+ Str+6}
   (You found it in a bailey)

   [staff of death]

   Base accuracy: +5 Base damage: 5 Base attack delay: 1.2 This weapon's minimum
   attack delay (0.6) is reached at skill level 12.
   Str:       It affects your strength (+6).
   rN:        It protects you from negative energy.
   It falls into the 'Staves' category.
   It is a one-handed weapon.
Jewellery
 f - a ring of magical power (left branch)
 l - a ring of poison resistance (right branch)
Wands
 C - a wand of charming (7)
Scrolls
 g - a scroll of vulnerability {unknown}
 h - 2 scrolls of blinking {unknown}
 j - 4 scrolls of identify {unknown}
 m - a scroll of enchant armour {unknown}
 q - a scroll of poison {unknown}
 s - 2 scrolls of butterflies {unknown}
 t - 5 scrolls of teleportation {unknown}
 y - a scroll of amnesia {unknown}
Potions
 c - 2 potions of flight
 o - a potion of might
 r - 4 potions of curing
 w - 2 potions of invisibility {unknown}
 x - a potion of degeneration {unknown}
 B - a potion of mutation {unknown}
 E - a potion of haste {unknown}


   Skills:
 + Level 6.1 Fighting
 + Level 8.4(8.7) Maces & Flails
 - Level 2.9(6.1) Staves
 + Level 1.2 Throwing
 + Level 5.8 Dodging
 + Level 2.6 Stealth
 - Level 3.0 Spellcasting
 * Level 6.0 Conjurations
 - Level 1.0 Necromancy
 - Level 1.0 Translocations
 + Level 1.4 Evocations


You had 11 spell levels left.
You knew the following spells:

 Your Spells              Type           Power      Damage    Failure   Level
a - Kiss of Death         Conj/Necr      56%        2d9       4%          1
b - Momentum Strike       Conj/Tloc      28%        3d8       6%          2

Your spell library contained the following spells:

 Spells                   Type           Power      Damage    Failure   Level
 Shock                    Conj/Air       48%        1d6       4%          1
 Magic Dart               Conj           92%        1d7       1%          1
 Searing Ray              Conj           46%        2d6       2%          2
 Hailstorm                Conj/Ice       12%        3d5       16%         3
 Confusing Touch          Hex            2%         N/A       45%         3
 Frozen Ramparts          Ice            4%         1d1       45%         3
 Tukima's Dance           Hex            2%         N/A       45%         3
 Fulminant Prism          Conj/Hex       6%         3d7       45%         4
 Dispel Undead            Necr           5%         3d7       75%         4
 Passage of Golubria      Tloc           5%         N/A       75%         4
 Ice Form                 Ice/Tmut       2%         N/A       86%         4
 Summon Ice Beast         Ice/Summ       2%         N/A       86%         4
 Summon Forest            Summ/Tloc      2%         N/A       98%         5
 Summon Mana Viper        Hex/Summ       2%         N/A       99%         5
 Yara's Violent Unravell  Hex/Tmut       1%         3d3       99%         5
 Summon Cactus Giant      Summ           1%         N/A       100%        6


Dungeon Overview and Level Annotations

Branches:
Dungeon (7/15)             Temple (1/1) D:6          Bailey (1/1)

Altars:
Ashenzari
Cheibriados
Dithmenos
Elyvilon
Fedhas
Gozag
Hepliaklqana
Kikubaaqudgha
Makhleb
Nemelex Xobeh
Okawaru
Qazlal
Ru
Trog
Uskayaw
Vehumet
Wu Jian
Xom
Yredelemnul
Zin
The Shining One

Shops:
D:4 *


Innate Abilities, Weirdness & Mutations

You are a tree.
Your roots penetrate the ground, keeping you stationary.
You cannot be teleported.
You are immune to unholy pain and torment.
Your maximum health is greatly increased.
Your equipment is partially melded.
((You can breathe blasts of fire.))
((Your fiery red scales are hard. (AC +7)))
You cannot fit into any form of body armour.
((Your flesh is heat resistant. (rF+)))
((You are cold-blooded and may be slowed by cold attacks.))


Message History

The vampire draws strength from your injuries!
You bump into the stone wall.
The vampire hits you with a +1 vampiric halberd!
The vampire bites you but does no damage.
You feel better. The vampire misses you. The vampire barely misses you.
You hit the vampire but do no damage.
The vampire is lightly damaged.
The vampire hits you with a +1 vampiric halberd.
The vampire barely misses you.
You hit the vampire. You burn the vampire.
The vampire is lightly damaged.
The vampire barely misses you. The vampire bites you.
The vampire draws strength from your injuries!
You hit the vampire but do no damage.
The vampire is lightly damaged.
The vampire gestures wildly while chanting.
The vampire flickers and vanishes!
Deactivating autopickup; reactivate with Ctrl-A.
Casting: Momentum Strike (safe; 6% risk of failure)
Confirm with . or Enter, or press ? or * to list all spells.
Aiming: Momentum Strike (safe; 6% risk of failure)
Press: ? - help, Dir - move target The concentrated momentum hits something!!
You are unable to move.
Something draws life force from you!!
* * * LOW HITPOINT WARNING * * *
Unknown command.
It was a potion of might.
You feel very mighty all of a sudden. Something completely misses you.
Something bites you!
* * * LOW HITPOINT WARNING * * *
Something draws strength from your injuries!
Really quaff the potion of lignification?
You turn into a tree.
Your +0 cloak melds into your body.
Your +0 pair of gloves melds into your body.
Your roots penetrate the ground.
Something hits you but does no damage. Something bites you but does no damage.
You hit something. You burn something. Something hits you but does no damage.
Something bites you but does no damage.
You barely miss something. Something hits you!!
You die...

### ..# ##### ÷.#
######...8##
..#####8.##.....!##
###..8#..#...# .)8#
......#..'..# #.!#
......#..'..####.!#
......#..#...##.♣.#
......#..##.....{##
......#...##...8##
.....##....######
♣...##...)...#
...##...##...#
....#....##..#
....##....#..#
))...##...#..#


There were no monsters in sight!

Vanquished Creatures
  An ugly thing (D:7)
  A gargoyle (Bailey)
  An orc warrior (D:4)
  2 black bears
  An ice beast (D:7)
  2 sky beasts
  3 ogres
  A centaur (D:5)
  A phantom (D:5)
  A kobold brigand (D:6)
  2 bullfrogs
  6 wolf zombies (Bailey)
  8 vampire bats (Bailey)
  2 jellies
  2 orc priests
  4 hounds
  2 iguanas
  2 sleepcaps
  A gnoll bouda (D:5)
  6 orc wizards
  Robin (D:4)
  11 adders
  8 gnolls
  18 orc zombies (Bailey)
  A shadow imp (D:5)
  2 white imps (D:5)
  2 worms
  5 dart slugs
  22 orcs
  4 endoplasms
  2 giant cockroaches (D:3)
  10 hobgoblins
  4 jackals (D:1)
  13 kobolds
  2 quokkas
  10 ball pythons
  6 bats
  A frilled lizard (D:3)
  20 goblins
  6 rats
197 creatures vanquished.

Vanquished Creatures (others)
  4 fungi (D:6)
4 creatures vanquished.

Grand Total: 201 creatures vanquished

Notes
Turn   | Place    | Note
-------+----------+-------------------------------------------
     0 | D:1      | monsoonserge the Draconian Reaver began the quest for the
                  | Orb.
     0 | D:1      | Reached XP level 1. HP: 17/17 MP: 3/3
   103 | D:1      | Reached XP level 2. HP: 24/24 MP: 5/5
   232 | D:1      | Learned a level 2 spell: Momentum Strike
   521 | D:1      | Reached XP level 3. HP: 15/15 MP: 6/6
   916 | D:2      | Found a hide-covered altar of Uskayaw.
  1561 | D:3      | Reached skill level 1 in Staves
  1561 | D:3      | Reached XP level 4. HP: 19/28 MP: 7/7
  2780 | D:4      | Found a glowing silver altar of Zin.
  2853 | D:4      | Reached skill level 1 in Necromancy
  2853 | D:4      | Reached skill level 1 in Translocations
  2853 | D:4      | Reached skill level 1 in Evocations
  2853 | D:4      | Reached XP level 5. HP: 16/32 MP: 8/8
  3158 | D:4      | Identified the +4 mace of Okawaru's Envy {flame, Fly Dex+8
                  | Stlth-}
  3158 | D:4      | Noticed Robin
  3300 | D:4      | Killed Robin
  3301 | D:4      | Reached skill level 1 in Stealth
  3347 | D:4      | Found Poowuxiu's Neck Hole.
  3350 | D:4      | Noticed an ogre
  3351 | D:4      | Noticed an ogre
  3354 | D:4      | Killed an ogre
  3355 | D:4      | Reached XP level 6. HP: 41/49 MP: 9/9
  3969 | D:4      | Noticed an orc warrior
  3989 | D:4      | Killed an orc warrior
  3990 | D:4      | Reached skill level 4 in Maces & Flails
  3990 | D:4      | Your scales start taking on a fiery red colour.
  3990 | D:4      | Reached XP level 7. HP: 27/42 MP: 10/10
  3990 | D:4      | Gained mutation: Your flesh is heat resistant. (rF+) [Red
                  | Draconian growth]
  4245 | D:5      | Entered Level 5 of the Dungeon
  4459 | D:5      | Reached skill level 5 in Maces & Flails
  4578 | D:5      | Reached XP level 8. HP: 66/66 MP: 12/12
  5021 | D:6      | Found a staircase to the Ecumenical Temple.
  5028 | Temple   | Entered the Ecumenical Temple
  5038 | Temple   | Became a worshipper of Vehumet
  5093 | D:6      | Reached skill level 6 in Maces & Flails
  5342 | D:6      | Found a broken altar of Ashenzari.
  5376 | D:6      | Found a sparkling altar of Nemelex Xobeh.
  5404 | D:6      | Found an iron altar of Okawaru.
  5537 | D:6      | Reached skill level 5 in Fighting
  5817 | D:7      | Reached skill level 7 in Maces & Flails
  5840 | D:7      | Reached skill level 1 in Throwing
  5969 | D:7      | Noticed a green ugly thing
  5983 | D:7      | Reached * piety under Vehumet
  5983 | D:7      | Offered knowledge of Sandblast by Vehumet.
  5984 | D:7      | Reached XP level 9. HP: 32/44 MP: 13/13
  5993 | D:7      | Killed a green ugly thing
  5994 | D:7      | Reached skill level 5 in Conjurations
  6230 | D:7      | Reached skill level 5 in Dodging
  6264 | D:7      | Found a flagged portal.
  6270 | Bailey   | Entered a bailey
  6323 | Bailey   | Reached skill level 8 in Maces & Flails
  6475 | Bailey   | Identified the +7 plate armour "Fad Uwon" {Str+3}
  6476 | Bailey   | Identified the staff of death "Sonock" {rN+ Str+6}
  6570 | Bailey   | Offered knowledge of Shock by Vehumet.
  6583 | Bailey   | Reached ** piety under Vehumet
  6688 | Bailey   | Noticed a gargoyle
  6697 | Bailey   | Killed a gargoyle
  6965 | Bailey   | Slain by a vampire

Illustrated notes

Levels and vault maps discovered:
D:1:      dpeg_arrival_court, layout_loops_ring
D:2:      layout_loops_ring, basic_altar
D:3:      layout_basic, nicolae_hexahallways
D:4:      layout_gridville, zin_scriptorium, nrook_mini_backslash,
          nicolae_shop_sticking_my_neck_out, uniq_robin
D:5:      layout_rooms
D:6:      layout_loops_cross, nemelex_diamond_rough_becter,
          mainiacjoe_overflow_boulevard, mainiacjoe_overflow_catwalk,
          minmay_temple_entry_statues_fountains, st_stairs_5, uniq_duvessa,
          uniq_pikel
D:7:      layout_basic, amcnicky_altar_gilded, enter_bailey_3
Temple:   sentei_temple_godly_chess
Bailey:   bailey_polearm_vampire_castle_hellmonk, bailey

Skill      XL: |  1  2  3  4  5  6  7  8  9 |
---------------+----------------------------+-----
Staves         | 1 2 |  2.9
Dodging        | 2 3 4 5 |  5.8
Necromancy     | 1 |  1.0
Translocations | 1 |  1.0
Evocations     | 1 |  1.4
Stealth        | 1 2 |  2.6
Fighting       | 3 4 5 6 |  6.1
Maces & Flails | 4 5 7 8 |  8.4
Conjurations   | 4 6 |  6.0
Throwing       | 1 |  1.2
Spellcasting   | 3 |  3.0

Action                     |  1- 3 |  4- 6 |  7- 9 || total
---------------------------+-------+-------+-------++-------
  Melee: Mace              |    67 |    57 |   330 ||   454
         Tailslap          |    13 |    27 |    50 ||    90
         Staff             |    94 |   144 |       ||   238
         Punch             |       |       |     5 ||     5
  Throw: Stone             |    11 |     2 |     3 ||    16
         Dart              |       |       |     3 ||     3
         Boomerang         |       |       |     2 ||     2
   Cast: Kiss of Death     |     5 |     5 |     3 ||    13
         Momentum Strike   |       |    10 |     4 ||    14
    Use: Potion            |       |     4 |     4 ||     8
   Stab: Sleeping          |     1 |     1 |       ||     2
 Armour: Skin              |    58 |    83 |   153 ||   294
  Dodge: Dodged            |   117 |   110 |   276 ||   503
